Cogmind - Beta 15 @@@ ROGUE MODE // 2025.08.10 @ 18:18:37 Player: saltine Result: Destroyed self with Z-bomb Delivery System Performance ------------- Evolutions (9) 4500 Regions Visited (25) 5000 Robots Destroyed (501) 2505 Value Destroyed (25851) 25851 Prototype IDs (133) 2660 Alien Tech Used (10) 2000 Bonus (10029) 10029 TOTAL SCORE: 52545 Bonus ------- Triggered High Security 500 High Alert Combat Kills 9402 Follower Combat Kills 741 Registered with UFD 300 Met Optimus in HQ 500 Met Data Miner 300 Met Zhirov 300 Found Hidden Lab 3000 Used Core Reset Matrix 3000 Scanned by Researcher 500 Pursued by Intercept 1500 Friendly Fire -10014 Cogmind --------- Core Integrity 0/1600 Matter 200/300 Energy 100/100 System Corruption 18% Temperature Cool (0) Movement Core (50) Location -1/Access Parts ------- > --- POWER (3) -------- (None) > --- PROPULSION (6) --- (None) > --- UTILITY (13) ----- Experimental Targeting Computer Experimental Targeting Computer A0-MCA's Component Scanner Spacefold Activator > --- WEAPON (4) ------- (None) > --- INVENTORY (5) ---- Experimental Heat Sink Advanced Energy Well (500) Experimental Matter Compressor (102) Peak State ------------ > --- POWER ------------ Light Quantum Reactor Light Quantum Reactor Reinforced Quantum Reactor > --- PROPULSION ------- Myomer Leg Myomer Leg Myomer Leg Myomer Leg Biometal Leg Biometal Leg > --- UTILITY ---------- Advanced Cryofiber Web Experimental Heat Sink Experimental Heat Sink High-capacity Storage Unit Advanced Energy Well Experimental Matter Compressor Experimental Targeting Computer Experimental Targeting Computer Experimental Core Analyzer Experimental Weapon Cycler Experimental EM Shield System Mapper A0-MCA's Component Scanner > --- WEAPON ----------- Sigix Shearcannon Enhanced Hardcell Cannon Z-bomb Delivery System > --- INVENTORY -------- Reinforced Antimatter Reactor Advanced Heavy Siege Treads Advanced Heavy Siege Treads Advanced Heavy Siege Treads Advanced VSS Leg Experimental Matter Compressor Advanced Kinecellerator Launcher Loader Experimental Transmission Jammer Advanced Force Field AEGIS Remote Shield Subatomic Replicator Spacefold Activator Enhanced Hardcell Cannon [Rating: 236] Favorites ----------- Power Light Deuterium Engine Engine Light Deuterium Engine Power Core Micro Fission Core Reactor Particle Reactor Propulsion Light Treads Treads Light Treads Leg Centrium Leg Wheel Armored Wheel Utility Huge Storage Unit Device Seismic Detector Storage Huge Storage Unit Processor Advanced Signal Interpreter Hackware System Mapper Protection Medium Regenerative Plating Artifact Spacefold Activator Weapon Slug Cannon Energy Gun Improved Spread Laser Energy Cannon Neutron Cannon Ballistic Gun Improved KE Penetrator Ballistic Cannon Slug Cannon Launcher Heavy Rocket Launcher Special Weapon Mining Laser Slashing Weapon Centrium Greatsword Piercing Weapon Makeshift Spear Build | -11 -10 -10 -8 -8 -6 -6 -6 -6 -5 -5 -5 -5 -5 -4 -4 -4 -4 -4 -4 -3 -3 -2 -2 -2 -1 ------- Run | Yrd Mat Sub Rec Scr Fac Low Low Dat Pro Fac Upp Upp Zhi Pro Fac Was Fac Arm Lab Res Qua Res Tes Sec Acc Slots Evolved 18 | . . . . . 8 . . . . 2 . . . . 2 . . . . 2 . 2 . . 2 Power 2 | . . . . . 1 . . . . . . . . . . . . . . . . 1 . . . Propulsion 4 | . . . . . 1 . . . . 1 . . . . 1 . . . . 1 . . . . . Utility 11 | . . . . . 5 . . . . 1 . . . . 1 . . . . 1 . 1 . . 2 Weapon 1 | . . . . . 1 . . . . . . . . . . . . . . . . . . . . Parts Attached 309 | 7 3 11 8 6 35 7 3 . 2 26 7 6 20 6 8 5 8 41 21 7 5 5 13 26 23 Power 47 | 1 . 1 1 . 4 2 . . 1 4 3 . 2 1 1 1 1 6 2 3 . 2 1 5 5 Engine 11 | 1 . 1 1 . 2 2 . . . 2 2 . . . . . . . . . . . . . . Core 9 | . . . . . 2 . . . 1 2 1 . . . . . . 2 1 . . . . . . Reactor 27 | . . . . . . . . . . . . . 2 1 1 1 1 4 1 3 . 2 1 5 5 Propulsion 67 | 2 . 3 2 . 11 1 . . . 6 1 1 4 2 1 . . 7 4 1 1 1 3 5 11 Treads 12 | 2 . 2 2 . 1 . . . . . . 1 . . . . . . . . . . . 1 3 Leg 36 | . . . . . . . . . . . . . 4 2 1 . . 7 4 1 1 1 3 4 8 Wheel 19 | . . 1 . . 10 1 . . . 6 1 . . . . . . . . . . . . . . Hover . | . . . . . . . . . . . . . . . . . . . . . . . . . . Flight . | . . . . . . . . . . . . . . . . . . . . . . . . . . Utility 103 | 2 1 . 1 5 11 3 . . 1 4 1 4 9 1 6 4 4 15 10 . 4 1 4 9 3 Device 60 | 1 . . . 3 4 2 . . 1 4 1 3 4 . 4 3 3 9 7 . 3 1 2 3 2 Storage 8 | 1 1 . 1 . . . . . . . . . 2 . 1 . . . . . . . . 2 . Processor 9 | . . . . . 3 . . . . . . . . . 1 . . . . . 1 . 1 2 1 Hackware 5 | . . . . . 1 . . . . . . . . . . . . 2 1 . . . . 1 . Protection 20 | . . . . 2 3 1 . . . . . 1 3 1 . 1 1 4 2 . . . 1 . . Artifact 1 | . . . . . . . . . . . . . . . . . . . . . . . . 1 . Weapon 92 | 2 2 7 4 1 9 1 3 . . 12 2 1 5 2 . . 3 13 5 3 . 1 5 7 4 Energy Gun 10 | 1 . 1 . . 4 . . . . . . . 1 . . . . 1 2 . . . . . . Energy Cannon 23 | . . 2 . . 2 . 1 . . 2 1 . 3 1 . . 1 4 . 1 . 1 1 2 1 Ballistic Gun 18 | 1 . 4 . 1 1 . . . . 6 1 . . . . . . 2 . . . . 1 1 . Ballistic Cannon 18 | . . . 2 . . 1 . . . 1 . . 1 . . . 2 3 1 . . . 3 2 2 Launcher 12 | . 1 . . . 1 . . . . 2 . . . 1 . . . 3 . 1 . . . 2 1 Special Weapon 7 | . 1 . 1 . . . 2 . . 1 . . . . . . . . 2 . . . . . . Impact Weapon . | . . . . . . . . . . . . . . . . . . . . . . . . . . Slashing Weapon 3 | . . . 1 . . . . . . . . 1 . . . . . . . 1 . . . . . Piercing Weapon 1 | . . . . . 1 . . . . . . . . . . . . . . . . . . . . Special Melee Weapon . | . . . . . . . . . . . . . . . . . . . . . . . . . . Unidentified Prototypes 38 | . . . . . 2 1 . 1 . 3 . . 8 . . 1 . 6 12 2 2 . . . . Corrupted Parts 10 | . . . . . . . . . . . . . . 3 . . . . 3 . . . . 4 . System Corruption 47 | . . . . . . . . . . . . . . 14 . . . . 15 . . . . 18 . Parts Lost 132 | . . 5 4 . 7 . 1 2 . 24 5 3 3 3 4 . 1 16 3 2 1 2 1 15 30 Power 28 | . . 1 1 . 2 . . 1 . 5 2 2 1 1 1 . 1 4 . . . . . 3 3 Propulsion 38 | . . 2 1 . 3 . . . . 6 1 1 1 . . . . 4 1 1 . 1 . 3 13 Utility 37 | . . . . . 1 . . 1 . 7 . . 1 2 3 . . 4 2 1 1 . 1 5 8 Weapon 29 | . . 2 2 . 1 . 1 . . 6 2 . . . . . . 4 . . . 1 . 4 6 Highest Loss Streak 9 | . . 2 4 . 2 . 1 2 . 9 5 2 2 2 4 . 1 6 2 2 1 1 1 9 9 To Critical Strikes 1 | . . . . . . . . . . . . . . . . . . . . . . . . 1 . Average Backups 18 | 3 6 12 17 21 21 20 19 19 17 15 19 16 19 18 19 19 19 19 19 19 18 19 19 18 10 Power 1 | . 1 1 1 . 1 1 2 2 2 1 2 . . 1 1 1 1 1 . . . . 1 1 . Propulsion 2 | 1 2 2 2 1 2 3 3 3 3 2 1 . 2 4 3 4 3 3 2 1 . . 1 1 1 Utility 8 | . . 2 9 14 8 6 5 5 4 2 3 3 6 5 6 5 7 7 8 8 8 8 7 8 6 Weapon 5 | 1 2 6 4 3 5 5 4 5 4 7 10 10 8 4 4 5 4 4 5 5 6 7 6 5 1 Tool/Special . | . . . . . . . . . . . . . . . . . . . . . . . . . . Unused Backups 77 | . . 4 4 16 10 3 . . 1 1 . . 10 . . 3 1 10 3 3 . 2 2 . 4 Power 11 | . . . . 1 1 . . . . . . . 1 . . 2 . 2 1 3 . . . . . Propulsion 13 | . . 1 2 . 2 . . . . . . . 2 . . 1 1 3 . . . . . . 1 Utility 34 | . . 1 1 12 5 2 . . . . . . 4 . . . . 5 1 . . . . . 3 Weapon 15 | . . 2 1 2 2 . . . 1 . . . 3 . . . . . . . . 2 2 . . Tool/Special 4 | . . . . 1 . 1 . . . 1 . . . . . . . . 1 . . . . . . Average Slot Usage (%) 92 | . 100 99 96 99 87 92 92 74 85 66 62 54 89 96 95 89 89 94 92 90 95 95 99 94 57 Engine 7 | . 14 13 13 14 9 3 13 9 6 4 5 3 1 . . . . . . . . . . . . Core 1 | . . . . . 2 9 . . 3 4 4 3 . . . . . 4 4 1 . . . . . Reactor 2 | . . . . . . . . . . . . . 7 10 9 9 9 5 5 7 9 11 12 10 3 Treads 11 | . 28 22 25 28 1 . . . . . . 1 2 . . . . . . . . . . . 2 Leg 7 | . . . . . . . . . . . . . 13 23 26 26 26 24 21 22 27 24 25 23 11 Wheel 4 | . . 5 . . 17 20 20 20 20 12 11 8 1 . . . . . . . . . . . . Device 15 | . 11 11 14 9 14 20 20 11 16 14 16 19 29 20 19 19 21 23 23 23 27 28 27 21 7 Storage 9 | . 16 15 14 14 6 6 6 6 6 5 5 5 9 11 7 6 5 8 5 4 4 4 4 5 8 Processor 2 | . . . . . 4 6 6 6 6 3 . . . . 4 5 5 5 5 4 4 8 7 6 12 Protection 4 | . . . . 4 5 5 6 6 6 . . . 5 10 11 5 5 5 7 7 4 4 4 6 . Energy Gun 2 | . 8 5 . . 11 11 5 3 6 . . . . . . . . 4 . . . . . . . Energy Cannon 4 | . . 9 . . 3 6 5 . . 2 5 5 4 16 14 15 9 3 5 3 3 4 8 6 . Ballistic Gun 2 | . 14 3 7 1 1 . . . . 11 9 . . . . . . 1 8 . . . . 3 . Ballistic Cannon 9 | . . . 11 26 2 1 5 3 6 . . . . . . . 5 5 3 3 3 5 7 4 1 Special Weapon 1 | . 2 9 4 . . . 1 5 . . . . 2 . . . . . . . . . . . . Peak Build Rating 236 | 7 7 14 23 33 65 68 67 56 64 86 63 70 119 119 130 135 134 154 172 187 183 203 217 221 236 Average Rating 72 | 4 7 11 19 26 57 64 62 50 57 74 59 45 98 114 124 131 132 131 157 180 179 194 208 200 143 On Entrance 92 | . 7 7 14 21 29 62 67 54 48 64 55 41 70 119 112 120 132 133 152 168 180 182 203 211 162 Naked Turns . | . . . . . . . . . . . . . . . . . . . . . . . . . . Heaviest Build 173 | 13 33 40 98 105 145 150 151 128 142 147 120 115 137 119 128 141 152 139 146 147 138 173 168 171 159 Greatest Support 173 | 40 40 40 43 43 42 36 34 34 34 56 47 35 127 118 146 146 144 144 140 170 163 168 168 173 161 Greatest Overweight (x) 5 | . . 2 2 2 5 4 4 3 4 5 3 4 5 1 . . 1 1 1 . . 1 . . 1 Average Overweight (x) 1 | . . . 1 2 3 3 3 3 3 2 2 2 1 . . . . . . . . . . . . Largest Inventory Capacity 25 | 8 15 15 25 25 25 25 25 25 25 25 25 25 25 20 20 20 20 20 20 20 20 20 20 20 20 Average Capacity 21 | 7 13 15 22 25 25 25 25 25 25 25 25 25 22 20 20 20 20 20 20 20 20 20 20 20 14 Most Carried 25 | 5 7 15 25 25 25 25 25 25 25 25 25 22 25 20 20 20 20 20 20 20 20 20 20 20 20 Average Carried 21 | 3 6 13 19 24 24 24 24 25 24 19 24 20 21 19 19 19 19 19 19 19 19 19 19 19 11 Final Capacity 25 | 8 15 15 25 25 25 25 25 25 25 25 25 25 20 20 20 20 20 20 20 20 20 20 20 20 5 Final Carried 25 | 5 7 15 25 25 25 25 25 25 25 25 21 19 20 18 19 20 20 20 20 19 20 20 19 14 3 Class Distribution -------------------- 32% | Commander-Mutant 13% | Scavenger-Tank 13% | Mutant 10% | Gunner 6% | Scavenger-Skirmisher 5% | Derelict-Gunner 5% | Scavenger-Mutant 3% | Derelict-Tank Dominant Class ---------------- Mutant | -10/Materials Mutant | -10/Subcaves Commander-Mutant | -8/Recycling Commander-Mutant | -8/Scraptown Gunner | -6/Factory Gunner | -6/Lower Caves Derelict-Gunner | -6/Lower Caves Mutant | -6/Data Miner Derelict-Tank | -5/Proximity Caves Gunner | -5/Factory Gunner | -5/Upper Caves Scavenger-Mutant | -5/Upper Caves Derelict-Mutant | -5/Zhirov Scavenger-Tank | -4/Proximity Caves Scavenger-Tank | -4/Factory Scavenger-Skirmisher | -4/Waste Scavenger-Tank | -4/Factory Scavenger-Tank | -4/Armory Scavenger-Tank | -4/Lab Scavenger-Mutant | -3/Research Scavenger-Mutant | -3/Quarantine Scavenger-Assassin | -2/Research Scavenger-Skirmisher | -2/Testing Scavenger-Tank | -2/Section 7 Alien-Mutant | -1/Access Resources | -11 -10 -10 -8 -8 -6 -6 -6 -6 -5 -5 -5 -5 -5 -4 -4 -4 -4 -4 -4 -3 -3 -2 -2 -2 -1 ----------- Run | Yrd Mat Sub Rec Scr Fac Low Low Dat Pro Fac Upp Upp Zhi Pro Fac Was Fac Arm Lab Res Qua Res Tes Sec Acc Matter Collected 18706 | 297 . 470 264 80 954 130 208 23 140 3638 204 93 490 137 484 115 477 1384 525 1069 396 288 780 3185 2875 Remotely 3381 | . . . . . . . . . . . . . . . 173 67 226 474 . 362 172 280 328 1138 161 Salvage Created 22620 | 143 19 539 374 . 1657 233 84 . 71 2986 314 70 839 279 626 518 469 1279 254 1957 985 647 1178 4731 2368 Parts 1049 | 12 6 37 17 . 91 7 1 . 6 125 23 3 32 18 41 . 37 70 23 70 47 32 54 207 90 Haulers Intercepted 9 | . . . . . . . . . . 3 . . . . . . . . . 2 2 . 1 1 . Recyclers Shooed 19 | . . . 2 . 1 . . . . 14 . . . . . . . . . 1 . . . . 1 Parts Field Recycled . | . . . . . . . . . . . . . . . . . . . . . . . . . . Retrieved Matter . | . . . . . . . . . . . . . . . . . . . . . . . . . . Parts Self-Destructed 61 | . . 6 . . . 6 8 . 5 . 19 . . 17 . . . . . . . . . . . Prevented 11 | . . . . . . . . . 2 . 6 3 . . . . . . . . . . . . . Kills | -11 -10 -10 -8 -8 -6 -6 -6 -6 -5 -5 -5 -5 -5 -4 -4 -4 -4 -4 -4 -3 -3 -2 -2 -2 -1 ------- Run | Yrd Mat Sub Rec Scr Fac Low Low Dat Pro Fac Upp Upp Zhi Pro Fac Was Fac Arm Lab Res Qua Res Tes Sec Acc Combat Hostiles Destroyed 386 | . 3 15 3 . 40 4 3 2 7 24 5 1 . 11 18 . 22 36 1 22 10 9 17 75 58 Melee 5 | . . . . . . . . . . . . . . . . . . . . 4 . . . 1 . Guns 90 | . . 3 1 . 28 . . 1 . 13 . . . . . . . 6 . . . . 1 37 . Cannons 155 | . . 8 2 . 6 1 1 1 . 5 4 . . 6 9 . 16 16 1 12 1 5 8 22 31 AOE 102 | . 3 4 . . 6 3 2 . 7 4 . . . 5 9 . 4 8 . 2 4 1 5 11 24 Classes Destroyed 29 | 2 1 2 3 . 5 . . . . 3 1 . . 1 . . . 5 1 1 1 . . 3 . Worker 26 | . . . . . 6 . . . . 11 . . . . . . . . . 1 3 . 3 1 1 Builder 25 | . . . . . 4 . . . . 5 . . . . . . 2 . . 7 2 . 1 2 2 Tunneler 7 | 4 . . . . 1 . . . . . . . . . 1 . 1 . . . . . . . . Hauler 9 | . . . . . . . . . . 3 . . . . . . . . . 2 2 . 1 1 . Recycler 17 | 1 . . 2 . 2 . . . . 10 . . . . . . . . . . . . . . 2 Mechanic 5 | . . . . . . . . . . . . . . . . . . . . 1 . . . 3 1 Operator 4 | . . . . . . . . . . . . . . . . . . 1 . . . 1 1 1 . Drone 2 | . . . . . . . . . . . . . . 2 . . . . . . . . . . . Turret 2 | . . 2 . . . . . . . . . . . . . . . . . . . . . . . Watcher 8 | . . . . . . . . . . 1 . . . . . . . 3 . . . . . 3 1 Swarmer 95 | . 3 4 . . 16 3 . . 7 1 1 . . 4 7 . 17 6 . 3 4 . 5 5 9 Saboteur 4 | . . . . . . . . . . . . . . . . . . 1 . . . . . 3 . Grunt 88 | . . . . . 11 . 3 . . 11 . . . 2 4 . 1 3 . 8 . 4 3 25 13 Brawler 8 | . . . . . 1 . . . . . . . . . 1 . . 2 . . . . . 2 2 Duelist 12 | . . . 1 . . . . . . . . . . . . . . 4 . . . . . 5 2 Protector 3 | . . . . . . . . . . . . . . . . . . 1 . . . . . 1 1 Researcher 2 | . . . . . . . . . . . . . . . . . . . . . 1 . 1 . . Sentry 29 | . . . 1 . 5 1 . . . . 1 . . . 2 . 1 . . 5 . . . 6 7 Demolisher 7 | . . . . . . . . . . . . . . . . . . 7 . . . . . . . Specialist 4 | . . . . . . . . . . . . . . . . . . 2 . . . . . 2 . Hunter 35 | . . . . . . . . . . 6 2 1 . . . . . . 1 2 5 . 2 5 11 Programmer 62 | . . . 1 . 6 . . . . 6 . . . 3 4 . 3 9 . 2 1 5 6 10 6 Heavy 1 | . . . . . . . . . . . . . . . . . . . . . . . . 1 . Behemoth 1 | . . . . . . . . . . . 1 . . . . . . . . . . . . . . Armor Guard 1 | . . . . . . . . . . . . . . . . . . 1 . . . . . . . Enhanced Grunt 10 | . . . . . . . . 2 . . . . 8 . . . . . . . . . . . . Tracker 8 | . . . . . . . . . . . . . . . . . . . . 1 . . . 2 5 Combat Programmer 5 | . . . . . . . . . . . . . . . . . . . . 1 . . . 2 2 Investigator 1 | . . . . . . . . . . . . . . . . . . . . . . . . . 1 Striker 4 | . . . . . . . . . . . . . . . . . . . . . . . . 4 . Executioner 2 | . . . . . . . . . . . . . . . . . . . . . . . . 2 . Protovariant Y 1 | . . . . . . . . . . . . . . . . . . . . . . . 1 . . Subdweller 11 | . . 11 . . . . . . . . . . . . . . . . . . . . . . . Scrapoid 1 | . . . . . . . . . . . . . . . . . . . 1 . . . . . . Decomposer 3 | . . . . . . 3 . . . . . . . . . . . . . . . . . . . Assembled 3 | . . . . . 3 . . . . . . . . . . . . . . . . . . . . Best Kill Streak 13 | 5 3 4 3 . 5 3 2 1 4 13 2 1 . 4 8 . 6 8 1 7 6 5 5 10 11 Combat Bots Only 10 | . 3 4 2 . 5 3 2 1 4 7 2 1 . 4 8 . 6 8 1 6 4 5 5 10 10 Max Kills in Single Turn 8 | 1 3 2 1 . 3 3 1 1 2 3 1 1 1 2 2 . 4 3 1 2 3 2 2 5 8 Gunslinging 1 | . . . . . 1 . . . . . . . . . . . . . . . . . . . . Exploded 7 | . 3 2 . . 2 3 1 . 2 2 . . . 2 2 . 3 3 . 1 2 1 2 4 7 Melee 1 | . . . . . . . . . . . . . . . . . . . . 1 . . . 1 . Uniques/NPCs Destroyed 1 | . . . . . . . . . . . . . . . . . . . 1 . . . . . . A5 (-4/Lab) Combat | -11 -10 -10 -8 -8 -6 -6 -6 -6 -5 -5 -5 -5 -5 -4 -4 -4 -4 -4 -4 -3 -3 -2 -2 -2 -1 -------- Run | Yrd Mat Sub Rec Scr Fac Low Low Dat Pro Fac Upp Upp Zhi Pro Fac Was Fac Arm Lab Res Qua Res Tes Sec Acc Hostile Shots Fired 2969 | . 2 100 25 . 225 56 33 8 30 257 42 36 161 80 125 . 122 314 29 130 47 65 73 518 491 Missed 931 | . 2 33 5 . 74 22 15 3 11 64 13 9 31 22 38 . 47 114 2 20 21 24 36 187 138 Intercepted 16 | . . . . . . . . . . . . . . . . . . 16 . . . . . . . Deflected 4 | . . . . . . . . . . . . . . . . . . . 2 2 . . . . . Hits 2038 | . . 67 20 . 151 34 18 5 19 193 29 27 130 58 87 . 75 200 27 110 26 41 37 331 353 Melee 57 | . . . 7 . 2 . . . . . . . . . 2 . . 32 . . . . . 9 5 Projectile 1981 | . . 67 13 . 149 34 18 5 19 193 29 27 130 58 85 . 75 168 27 110 26 41 37 322 348 AOE 29 | . . . 1 . . . . . . 5 . . . . . . . 21 . . . . . . 2 Critical Strikes 81 | . . 2 2 . 4 . . . . 10 . 1 . 1 4 . 1 12 . 4 . 5 4 18 13 Actively Blocked 13 | . . . . . . . . . . . . . . . . . 1 12 . . . . . . . Part Disruptions 13 | . . . . . . . . . . 2 . . 7 . . . . . 1 2 . 1 . . . Actively Blocked 2 | . . . . . . . . . . . . . . . . . . . . 1 . 1 . . . Damage Taken 36186 | . . 1121 419 . 1838 334 165 687 411 3795 688 390 1159 1098 1504 . 903 4367 761 1860 270 524 652 5502 7738 Core 4017 | . . 169 45 . 105 62 . 247 22 373 107 39 134 67 128 . 33 108 27 140 33 44 12 508 1614 Absorbed by Shields 5156 | . . . 5 . 175 85 100 . . 173 . . . . 352 . 488 . . 666 172 502 566 1558 314 Redirected to Shielding 162 | . . . . . . . . . . . . . . . . . . . 66 96 . . . . . Ignored by Resistances 1383 | . . . . . . . . . . . . . . . . . . . . . . . . 1065 318 Regen/Repaired (Parts) 3229 | . . . . . 533 . . . . 547 . . . . 430 . 264 . 174 423 17 74 178 547 42 Core Remaining (%) 55 | 100 . . . 14 . . . . 48 . . . . 28 . . . . 69 . 86 . . 40 . Volleys Fired 1420 | 10 4 122 25 . 113 20 9 9 8 135 39 8 42 20 62 5 55 134 42 141 17 24 76 207 93 Largest 4 | 2 1 2 2 . 3 1 3 2 2 3 3 1 3 3 3 3 3 3 3 2 2 4 4 4 2 Hottest 418 | 70 100 160 90 . 225 90 205 115 115 156 158 75 227 270 270 270 231 256 196 176 176 354 418 356 180 Shots Fired 2489 | 20 4 152 43 . 239 22 21 14 10 319 49 8 56 57 98 17 121 263 92 177 21 51 148 388 99 Gun 756 | 20 . 47 25 . 162 . 2 5 2 234 12 . . . . . . 79 50 . . . 5 113 . Cannon 1488 | . . 36 11 . 73 21 16 9 2 74 37 8 50 53 88 17 121 168 41 136 9 47 138 261 72 Launcher 158 | . 1 3 . . 4 1 3 . 6 10 . . 2 4 9 . . 14 . 40 12 4 4 14 27 Special 87 | . 3 66 7 . . . . . . 1 . . 4 . 1 . . 2 1 1 . . 1 . . Kinetic 942 | 10 . 31 28 . 31 . 6 9 2 249 12 . 11 . . . 50 91 50 53 6 18 46 215 24 Thermal 1242 | 10 3 118 15 . 204 21 12 5 2 30 34 . 12 53 88 17 71 136 41 83 3 29 97 158 . Explosive 67 | . 1 3 . . 4 1 3 . 6 4 . . 2 4 9 . . . . . . . . 4 26 Electromagnetic 192 | . . . . . . . . . . 35 3 8 27 . . . . 34 . 40 12 4 4 11 14 Slashing 35 | . . . . . . . . . . . . . . . . . . . . . . . . . 35 Robot Hit Streak 27 | 6 4 11 9 . 25 7 4 10 1 12 5 3 8 6 6 6 8 17 9 12 6 8 13 27 27 Robot Miss Streak 7 | 2 . 3 4 . 5 1 2 2 3 6 2 3 3 6 2 1 4 5 4 3 4 2 7 7 5 Penetration Max 1 | . . . . . 1 . . . . 1 . . . . . . 1 1 . 1 1 1 1 1 1 Secondary Targets 6 | . . . . . 5 . . . . 1 . . . . . . . . . . . . . . . Max Gunslinging Chain 1 | . . . . . 1 . . . . 1 . . . . . . . . . . . . . . . Shots Hit Robots 1346 | 12 1 64 33 . 159 14 9 13 2 183 18 4 85 23 32 13 35 144 46 87 13 23 43 210 80 Core Hits 1000 | 6 3 23 11 . 203 7 10 14 8 97 8 1 27 17 33 4 21 94 11 45 17 11 26 169 134 Critical Kills 70 | . . . 4 . 1 . . . . 3 . . . . . . . 2 1 12 3 . 6 38 . Critical Parts Destroyed 67 | . . . 1 . 1 . . . . 6 . . . . . . . . 1 12 3 2 3 38 . Critical Strikes 193 | . . 3 5 . 2 . . 2 . 10 1 . 10 . . . 10 4 3 29 8 2 10 88 6 Burn 2 | . . 2 . . . . . . . . . . . . . . . . . . . . . . . Meltdown 4 | . . . . . 1 . . . . . . . . . . . . . . . . . 2 1 . Destroy 146 | . . 1 5 . 1 . . . . 9 1 . . . . . . 3 3 28 6 2 8 79 . Blast 21 | . . . . . . . . 2 . . . . . . . . 10 1 . . . . . 8 . Corrupt 2 | . . . . . . . . . . 1 . . 1 . . . . . . . . . . . . Sever 18 | . . . . . . . . . . . . . 9 . . . . . . 1 2 . . . 6 Melee Attacks 79 | . . . 1 . . . . . . . . . 49 . . . . . . 19 8 2 . . . Impact . | . . . . . . . . . . . . . . . . . . . . . . . . . . Slashing 79 | . . . 1 . . . . . . . . . 49 . . . . . . 19 8 2 . . . Piercing . | . . . . . . . . . . . . . . . . . . . . . . . . . . Sneak Attacks 51 | . . . 1 . . . . . . . . . 47 . . . . . . 1 2 . . . . Combat Hostiles . | . . . . . . . . . . . . . . . . . . . . . . . . . . Follow-up Attacks . | . . . . . . . . . . . . . . . . . . . . . . . . . . Damage Inflicted 72630 | 157 123 1749 782 . 4842 609 570 254 575 6446 709 136 4759 1374 2683 578 2659 6141 1131 4073 1830 1549 2331 11217 15353 Guns 12131 | 148 . 604 433 . 2983 . 18 52 26 3624 120 . . . . . . 1908 644 . . . 23 1548 . Cannons 29573 | . . 841 237 . 1193 451 177 202 . 1446 589 136 904 797 1137 479 1920 3000 487 2107 236 1047 1664 5351 5172 Explosions 25520 | . 123 304 . . 666 158 375 . 549 1376 . . 207 577 1517 99 535 1226 . 1088 1137 502 611 4297 10173 Melee 5007 | . . . 64 . . . . . . . . . 3648 . . . . . . 838 457 . . . . Ramming 351 | 9 . . . . . . . . . . . . . . 29 . 204 7 . 40 . . 33 21 8 Kinetic 17631 | 72 . 372 576 . 478 . 112 202 . 3988 120 . 253 . . . 1388 2045 644 791 132 428 685 4525 820 Thermal 19372 | 76 . 1073 142 . 3698 451 83 52 26 595 492 . 275 860 1458 578 1067 2576 487 1316 104 619 1002 2342 . Explosive 18595 | . 123 304 . . 666 158 375 . 549 920 . . 169 514 1196 . . . . . . . 181 3324 10116 Electromagnetic 7799 | . . . . . . . . . . 943 97 136 414 . . . . 1513 . 1088 1137 502 430 1005 534 Impact . | . . . . . . . . . . . . . . . . . . . . . . . . . . Slashing 8882 | . . . 64 . . . . . . . . . 3648 . . . . . . 838 457 . . . 3875 Piercing . | . . . . . . . . . . . . . . . . . . . . . . . . . . Highest Corruption 31 | . . . . . 1 1 1 1 1 11 11 11 10 23 5 5 7 16 31 11 13 . . 30 18 Average Corruption 6 | . . . . . 1 1 1 1 1 7 11 10 7 8 3 5 5 10 15 5 11 . . 13 4 Corruption Purged 17 | . . . . . . . . . . 1 . 1 5 . . . . 10 . . . . . . . Corruption Blocked . | . . . . . . . . . . . . . . . . . . . . . . . . . . Effects 426 | . . . . . 16 12 8 1 4 61 26 14 29 23 19 18 24 84 21 13 12 . . 28 13 Message Errors 96 | . . . . . 4 2 2 . 1 12 7 1 8 5 5 4 4 19 8 3 . . . 7 4 Matter Fused 86 | . . . . . 2 3 . 1 . 11 9 6 7 5 1 3 7 14 2 2 4 . . 6 3 Heat Flow Errors 61 | . . . . . 5 2 2 . 1 11 . . 5 5 3 3 3 8 5 . 4 . . 3 1 Energy Discharges 51 | . . . . . 2 1 1 . 1 9 3 1 4 1 2 2 6 13 . 1 3 . . 1 . Parts Rejected 6 | . . . . . . . . . . 1 . . . 1 . . . 3 1 . . . . . . Parts Fused 5 | . . . . . . . . . . 2 . . 1 . . 1 . 1 . . . . . . . Data Loss (minor) 50 | . . . . . 3 2 1 . 1 5 1 5 4 1 1 2 3 11 1 2 . . . 5 2 Data Loss (major) 14 | . . . . . . . . . . 1 1 1 . 1 1 . 1 7 . 1 . . . . . Misfires 22 | . . . . . . 2 2 . . 3 2 . . 2 1 2 . 3 . 3 1 . . 1 . Alerts 13 | . . . . . . . . . . 1 1 . . 1 . 1 . 3 2 1 . . . 2 1 Misdirections 2 | . . . . . . . . . . 1 . . . . . . . . . . . . . . 1 Weapon Failures 20 | . . . . . . . . . . 4 2 . . 1 5 . . 2 2 . . . . 3 1 Overload Shots . | . . . . . . . . . . . . . . . . . . . . . . . . . . Overflow Damage 3336 | . . 7 . . 73 97 . 12 6 132 15 . 244 69 58 . 337 116 . 179 42 102 153 430 1264 Projectiles 1108 | . . . . . 73 75 . 12 . 99 15 . . 50 29 . 192 104 . 19 4 102 142 161 31 Explosions 1817 | . . 7 . . . 22 . . 6 33 . . 12 19 29 . 90 12 . 39 35 . 11 269 1233 Melee 411 | . . . . . . . . . . . . . 232 . . . 55 . . 121 3 . . . . Knockbacks 81 | . . . 1 . 2 . 1 . . 1 . . 3 . 1 . 9 20 . 5 1 5 3 27 2 Impact 4 | . . . . . . . . . . . . . . . 1 . 1 . . 1 . . . 1 . Kinetic 69 | . . . 1 . 2 . 1 . . 1 . . 2 . . . 7 19 . 3 1 4 3 23 2 Secondary 8 | . . . . . . . . . . . . . 1 . . . 1 1 . 1 . 1 . 3 . Self-Inflicted Damage 1656 | . . . . . 56 . . . 140 31 . . 77 60 158 . 80 85 . 114 23 . 234 135 463 Shots 46 | . . . . . 1 . . . 4 1 . . 1 3 4 . 1 5 . 7 1 . 5 9 4 Rammed 3 | 1 . . 1 . . . . . . . . . . . . . . . . . . . . . 1 Targets Rammed 25 | 1 . . 1 . . . . . . . . . . . 2 . 9 1 . 3 . . 4 2 2 Kicked 22 | . . . . . . . . . . . . . . . 2 . 9 1 . 3 . . 4 2 1 Crushed . | . . . . . . . . . . . . . . . . . . . . . . . . . . Highest Temperature 423 | 36 60 108 142 . 370 156 199 195 236 358 151 . 197 311 253 250 356 423 21 . . 86 72 321 379 Average Temperature 95 | 17 30 35 85 . 101 60 88 112 74 105 34 . 67 121 80 106 89 135 7 . . 46 33 134 155 Received Heat Transfer 3090 | . . 231 54 . 431 45 62 . . 513 69 . 81 69 205 . 51 105 24 78 . 50 38 460 524 Effects 12 | . . . . . . . . . . 10 . . . . . . 1 1 . . . . . . . Shutdowns 2 | . . . . . . . . . . 1 . . . . . . . 1 . . . . . . . Energy Bleed 2 | . . . . . . . . . . 1 . . . . . . 1 . . . . . . . . Interference 6 | . . . . . . . . . . 6 . . . . . . . . . . . . . . . Matter Decay 2 | . . . . . . . . . . 2 . . . . . . . . . . . . . . . Siege Activations . | . . . . . . . . . . . . . . . . . . . . . . . . . . Martial Activations . | . . . . . . . . . . . . . . . . . . . . . . . . . . Shielding Activations 4 | . . . . . . . . . . . . . . . . . . . 1 3 . . . . . Total Turns 77 | . . . . . . . . . . . . . . . . . . . 26 51 . . . . . Longest Duration 43 | . . . . . . . . . . . . . . . . . . . 26 43 . . . . . Robots Disrupted 1 | . . . . . . . . . . . . . . . . . . . . . . 1 . . . Combat Hostiles 1 | . . . . . . . . . . . . . . . . . . . . . . 1 . . . Robots Corrupted 32 | . . . . . . . . . . 2 1 1 . . . . 2 6 . 4 5 3 1 4 3 Combat Hostiles 32 | . . . . . . . . . . 2 1 1 . . . . 2 6 . 4 5 3 1 4 3 Parts Fried 62 | . . . . . . . . . . 11 . 3 . . . . 3 5 . 11 10 3 7 5 4 Impact Corruptions 3 | . . . . . . . . . . . . . . . . . 3 . . . . . . . . Robots Melted 4 | . . . . . 1 . . . . . . . . . . . . . . . . . 2 1 . Combat Hostiles 2 | . . . . . . . . . . . . . . . . . . . . . . . 2 . . Parts Melted 29 | . . 3 . . 6 . . . . . . . . 1 . . 3 4 1 . . . 6 5 . Heat Transferred 16933 | 222 . 1692 263 . 3731 700 115 70 20 620 111 . 226 50 250 50 646 3450 555 999 74 444 795 1850 . Parts Sabotaged 3 | . . . . . . . . . . . . . . . . . . . . . . . . 3 . Parts Stolen . | . . . . . . . . . . . . . . . . . . . . . . . . . . Parts Stripped . | . . . . . . . . . . . . . . . . . . . . . . . . . . Power Chain Reactions 11 | . . . . . . . . . . . . . 1 1 2 1 1 . . 3 1 . . 1 . Alert | -11 -10 -10 -8 -8 -6 -6 -6 -6 -5 -5 -5 -5 -5 -4 -4 -4 -4 -4 -4 -3 -3 -2 -2 -2 -1 ------- Run | Yrd Mat Sub Rec Scr Fac Low Low Dat Pro Fac Upp Upp Zhi Pro Fac Was Fac Arm Lab Res Qua Res Tes Sec Acc Maximum Alert Level 5 | . . . . . 2 . . . . 2 . . . . 3 1 2 2 . 2 2 2 3 5 5 Low Security (%) 37 | 100 100 . 100 . 52 . . . . 32 . . . . . 62 57 . . 46 . . . . . Level 1 20 | . . . . . 10 . . . . 62 . . . . . 37 19 34 . 22 52 66 31 1 . Level 2 24 | . . . . . 37 . . . . 4 . . . . 64 . 23 65 . 30 47 33 48 4 . Level 3 7 | . . . . . . . . . . . . . . . 35 . . . . . . . 19 51 . Level 4 4 | . . . . . . . . . . . . . . . . . . . . . . . . 19 51 Level 5 2 | . . . . . . . . . . . . . . . . . . . . . . . . 23 7 High Security 2 | . . . . . . . . . . . . . . . . . . . . . . . . . 40 Max Security . | . . . . . . . . . . . . . . . . . . . . . . . . . . Peak Influence 2644 | 15 70 . 65 . 573 . . . . 413 . . . . 863 294 523 684 . 528 593 443 786 2087 2644 Initial 1236 | . . . . . . . . . . . . . . . 684 294 28 256 . . 292 319 229 270 1236 Average 424 | 3 26 . 11 . 235 . . . . 201 . . . . 627 163 206 455 . 283 426 334 508 1181 1780 Influence Increases 14964 | 25 107 165 410 . 1219 105 70 . 150 1144 120 45 . 260 1523 24 845 1532 . 894 466 332 1047 2505 1976 Destroy 0b10 Robot/C 7720 | . 60 120 140 . 740 80 60 . 140 580 100 20 . 180 360 . 440 860 . 440 220 180 360 1480 1160 Destroy 0b10 Robot/NC 560 | 25 . . 30 . 65 . . . . 155 . . . 10 5 . 15 30 . 50 35 5 30 60 45 Destroy Leader 1446 | . 10 . . . 190 10 10 . 10 140 20 10 . 40 70 . 60 128 . 124 34 30 42 276 242 Allied During Kill 192 | . . . 20 . 3 . . . . 12 . . . . . . . 153 . . . . . . 4 Successful Hack 385 | . 5 . 40 . 66 . . . . 13 . . . . . . 52 33 . 31 32 27 36 50 . Select Force Hacks 180 | . 30 . 150 . . . . . . . . . . . . . . . . . . . . . . Disable Machine 990 | . . . . . 90 . . . . 15 . . . . 75 . 45 150 . 60 105 15 240 180 15 Anti-Garrison Action 300 | . . . . . . . . . . . . . . . 150 . . . . . . . . . 150 Destroy Structure 1901 | . 2 . 30 . 50 . . . . 154 . . . . 248 24 188 118 . 114 10 60 324 354 225 Advance Influence 600 | . . . . . . . . . . . . . . . 600 . . . . . . . . . . Partial Spotted 15 | . . . . . . . . . . . . . . . . . . . . . 15 . . . . Lose Combat Pursuer 675 | . . 45 . . 15 15 . . . 75 . 15 . 30 15 . 45 60 . 75 15 15 15 105 135 Influence Decreases 12482 | 25 70 202 410 . 661 663 70 . 150 756 460 93 . 126 816 825 362 1391 664 374 418 491 974 927 1554 Entered New Map 3613 | . . 18 . . . 207 . . . . 145 10 . . 50 547 12 267 664 . 228 249 180 212 824 Time Decay 6595 | 25 70 150 379 . 576 456 70 . 150 520 305 75 . 106 416 278 340 624 . 354 180 222 464 565 270 Search Patrol Dispatched 300 | . . . . . . . . . . . . . . . 300 . . . . . . . . . . Lost Part 1069 | . . 34 11 . 60 . . . . 206 10 8 . 20 40 . 10 160 . 20 10 20 10 150 300 Lost Ally 305 | . . . 20 . 25 . . . . 30 . . . . 10 . . 40 . . . . 20 . 160 Purge Threat 600 | . . . . . . . . . . . . . . . . . . 300 . . . . 300 . . Squads Dispatched 108 | . 1 . . . 13 . . . . 11 . . . . 6 . 4 7 . 8 3 1 4 18 32 Investigation 5 | . 1 . . . . . . . . 1 . . . . 1 . . 2 . . . . . . . Extermination 28 | . . . . . 6 . . . . 3 . . . . 1 . 1 4 . 1 1 1 4 4 2 Reinforcement 20 | . . . . . 4 . . . . 6 . . . . 1 . . . . 2 2 . . 2 3 Assault 27 | . . . . . . . . . . . . . . . 2 . . 1 . . . . . 7 17 Garrison 16 | . . . . . 3 . . . . 1 . . . . 1 . 3 . . 3 . . . 2 3 Intercept 12 | . . . . . . . . . . . . . . . . . . . . 2 . . . 3 7 Searches Triggered 2 | . . . . . . . . . . . . . . . 2 . . . . . . . . . . Construction Impeded 10 | . . . . . 3 . . . . 4 . . . . . . . . . 2 1 . . . . Haulers Reinforced 4 | . . . . . 1 . . . . 2 . . . . . . . . . . 1 . . . . Active Scanning Responses . | . . . . . . . . . . . . . . . . . . . . . . . . . . Cargo Convoy Interrupts . | . . . . . . . . . . . . . . . . . . . . . . . . . . Stealth | -11 -10 -10 -8 -8 -6 -6 -6 -6 -5 -5 -5 -5 -5 -4 -4 -4 -4 -4 -4 -3 -3 -2 -2 -2 -1 --------- Run | Yrd Mat Sub Rec Scr Fac Low Low Dat Pro Fac Upp Upp Zhi Pro Fac Was Fac Arm Lab Res Qua Res Tes Sec Acc Distress Signals 21 | . 1 . . . 4 . . . . 2 . . . . 3 . . 2 . . 2 . 2 3 2 Communications Jammed 27 | . . . . . . . . . . . . . . . . . . . . . . . . 10 17 Distress Signals 27 | . . . . . . . . . . . . . . . . . . . . . . . . 10 17 Times Spotted 566 | . 3 20 8 . 54 5 5 6 7 51 6 2 3 16 25 . 27 49 1 28 12 15 26 105 92 Peak Tracking Total 16 | . 3 6 4 . 5 3 3 4 4 6 3 1 3 5 8 . 6 5 1 6 4 4 5 11 16 Tactical Retreats 25 | . . 2 . . 1 1 . . . 2 . 1 . 1 1 . 1 1 . 4 1 1 1 3 4 Traps | -11 -10 -10 -8 -8 -6 -6 -6 -6 -5 -5 -5 -5 -5 -4 -4 -4 -4 -4 -4 -3 -3 -2 -2 -2 -1 ------- Run | Yrd Mat Sub Rec Scr Fac Low Low Dat Pro Fac Upp Upp Zhi Pro Fac Was Fac Arm Lab Res Qua Res Tes Sec Acc Traps Triggered 27 | . . 3 . . 2 . . . . 6 . . . . 2 . 1 2 . 3 5 . 1 . 2 Indirectly 5 | . . . . . . . . . . . . . . . . . . . . 1 4 . . . . Trap Hack Attempts . | . . . . . . . . . . . . . . . . . . . . . . . . . . Triggered . | . . . . . . . . . . . . . . . . . . . . . . . . . . Disarmed . | . . . . . . . . . . . . . . . . . . . . . . . . . . Reprogrammed . | . . . . . . . . . . . . . . . . . . . . . . . . . . Reused . | . . . . . . . . . . . . . . . . . . . . . . . . . . Traps Extracted . | . . . . . . . . . . . . . . . . . . . . . . . . . . Installed . | . . . . . . . . . . . . . . . . . . . . . . . . . . Triggered . | . . . . . . . . . . . . . . . . . . . . . . . . . . Machines | -11 -10 -10 -8 -8 -6 -6 -6 -6 -5 -5 -5 -5 -5 -4 -4 -4 -4 -4 -4 -3 -3 -2 -2 -2 -1 ---------- Run | Yrd Mat Sub Rec Scr Fac Low Low Dat Pro Fac Upp Upp Zhi Pro Fac Was Fac Arm Lab Res Qua Res Tes Sec Acc Machines Disabled 80 | . . 3 . . 6 1 . 1 . 1 . . . . 6 . 4 10 4 4 7 1 17 13 2 Max in Single Turn 3 | . . 1 . . 1 1 . 1 . 1 . . . . 1 . 2 2 2 2 3 1 2 1 1 Garrison Access 7 | . . . . . 1 . . . . . . . . . 1 . 1 . . . . . 1 1 2 Energy Cycler 1 | . . . . . . . . . . . . . . . . . . . . . . . . . 1 Machines Repaired . | . . . . . . . . . . . . . . . . . . . . . . . . . . Machines Dismantled 1 | . . . . . . . . 1 . . . . . . . . . . . . . . . . . Machines Sabotaged . | . . . . . . . . . . . . . . . . . . . . . . . . . . Overloaded Fab Kills . | . . . . . . . . . . . . . . . . . . . . . . . . . . Hacking | -11 -10 -10 -8 -8 -6 -6 -6 -6 -5 -5 -5 -5 -5 -4 -4 -4 -4 -4 -4 -3 -3 -2 -2 -2 -1 --------- Run | Yrd Mat Sub Rec Scr Fac Low Low Dat Pro Fac Upp Upp Zhi Pro Fac Was Fac Arm Lab Res Qua Res Tes Sec Acc Machines Accessed 95 | . 3 2 11 6 14 1 . . . 3 1 . 4 . 5 . 5 11 . 3 2 2 11 9 2 Terminals 53 | . 2 . 6 . 8 . . . . 3 . . . . 2 . 1 8 . 2 2 2 8 8 1 Fabricators 7 | . . . . . 3 . . . . . . . . . 1 . . 2 . . . . 1 . . Repair Stations 4 | . . . . . 2 . . . . . . . . . . . 1 . . . . . 1 . . Recycling Units 10 | . 1 . 5 . . . . . . . . . . . 1 . 1 1 . 1 . . . . . Scanalyzers 1 | . . . . . . . . . . . . . . . . . 1 . . . . . . . . Garrison Access 6 | . . . . . 1 . . . . . . . . . 1 . 1 . . . . . 1 1 1 Total Hacks 221 | . 7 5 26 16 23 1 . . . 7 1 . 17 . 13 . 17 28 . 8 5 3 24 17 3 Successful 119 | . 5 5 18 16 5 1 . . . 3 1 . 17 . 1 . 10 12 . 2 2 1 11 8 1 Failed 102 | . 2 . 8 . 18 . . . . 4 . . . . 12 . 7 16 . 6 3 2 13 9 2 Catastrophic 23 | . . . 2 . 4 . . . . 1 . . . . 5 . 1 3 . . . 1 4 1 1 Database Lockouts . | . . . . . . . . . . . . . . . . . . . . . . . . . . Manual 72 | . 3 . 17 . 6 . . . . 3 . . . . 5 . 4 16 1 . . . 12 5 . Terminals 122 | . 5 . 19 . 9 . . . . 7 . . . . 6 . 5 23 . 5 5 3 19 15 1 Fabricators 14 | . . . . . 6 . . . . . . . . . 2 . . 4 . . . . 2 . . Repair Stations 9 | . . . . . 4 . . . . . . . . . . . 4 . . . . . 1 . . Recycling Units 18 | . 2 . 7 . . . . . . . . . . . 2 . 3 1 . 3 . . . . . Scanalyzers 4 | . . . . . . . . . . . . . . . . . 4 . . . . . . . . Garrison Access 14 | . . . . . 4 . . . . . . . . . 3 . 1 . . . . . 2 2 2 Terminal Hacks 77 | . 2 5 6 16 . 1 . . . 2 1 . 17 . 1 . 2 7 . 2 2 1 6 6 . Record 20 | . . 4 . 9 . 1 . . . . . . 5 . . . . . . . 1 . . . . Part Schematic 8 | . . . 3 . . . . . . . . . 4 . . . . 1 . . . . . . . Robot Analysis 10 | . . . . 6 . . . . . . . . 4 . . . . . . . . . . . . Prototype ID Bank 6 | . . . 2 . . . . . . . . . 4 . . . . . . . . . . . . Open Door 6 | . . . . . . . . . . . 1 . . . . . . 2 . . . . 1 2 . Branch Access Points 5 | . . . . . . . . . . 1 . . . . 1 . 1 . . 1 . 1 . . . Unreport Threat 4 | . . . . . . . . . . . . . . . . . . 2 . . . . 2 . . Locate Traps 2 | . . . . . . . . . . . . . . . . . . . . . . . . 2 . Hauler Manifests 3 | . 1 . . . . . . . . 1 . . . . . . . . . . . . 1 . . Registered Components 4 | . . . 1 . . . . . . . . . . . . . 1 1 . . 1 . . . . Zone Layout 7 | . 1 . . . . . . . . . . . . . . . . 1 . 1 . . 2 2 . Proto ID Catalog 2 | . . 1 . 1 . . . . . . . . . . . . . . . . . . . . . Fabricator Hacks 5 | . . . . . 1 . . . . . . . . . . . . 3 . . . . 1 . . Network Status 2 | . . . . . . . . . . . . . . . . . . 1 . . . . 1 . . Load Schematic 1 | . . . . . . . . . . . . . . . . . . 1 . . . . . . . Build 2 | . . . . . 1 . . . . . . . . . . . . 1 . . . . . . . Repair Station Hacks 4 | . . . . . 2 . . . . . . . . . . . 2 . . . . . . . . Scan Component 2 | . . . . . 1 . . . . . . . . . . . 1 . . . . . . . . Repair 2 | . . . . . 1 . . . . . . . . . . . 1 . . . . . . . . Recycling Unit Hacks 3 | . 1 . 1 . . . . . . . . . . . . . 1 . . . . . . . . Retrieve Components 3 | . 1 . 1 . . . . . . . . . . . . . 1 . . . . . . . . Scanalyzer 2 | . . . . . . . . . . . . . . . . . 2 . . . . . . . . Insert Component 1 | . . . . . . . . . . . . . . . . . 1 . . . . . . . . Analyze 1 | . . . . . . . . . . . . . . . . . 1 . . . . . . . . Garrison Access Hacks 5 | . . . . . 1 . . . . . . . . . . . 1 . . . . . 1 1 1 Seal Access 5 | . . . . . 1 . . . . . . . . . . . 1 . . . . . 1 1 1 Unauthorized Hacks 23 | . 2 . 11 . 1 . . . . 1 . . . . . . 2 2 . . . . 3 1 . Terminals 13 | . 1 . 6 . . . . . . 1 . . . . . . . 1 . . . . 3 1 . Track 3 | . 1 . . . . . . . . . . . . . . . . . . . . . 1 1 . Assimilate 3 | . . . . . . . . . . 1 . . . . . . . . . . . . 2 . . Botnet 2 | . . . 1 . . . . . . . . . . . . . . 1 . . . . . . . Skim 5 | . . . 5 . . . . . . . . . . . . . . . . . . . . . . Fabricators 1 | . . . . . 1 . . . . . . . . . . . . . . . . . . . . Haulers 1 | . . . . . 1 . . . . . . . . . . . . . . . . . . . . Repair Stations 1 | . . . . . . . . . . . . . . . . . 1 . . . . . . . . Mechanics 1 | . . . . . . . . . . . . . . . . . 1 . . . . . . . . Recycling Units 8 | . 1 . 5 . . . . . . . . . . . . . 1 1 . . . . . . . Recyclers 1 | . . . . . . . . . . . . . . . . . 1 . . . . . . . . Tunnel 6 | . 1 . 5 . . . . . . . . . . . . . . . . . . . . . . Scrapoids 1 | . . . . . . . . . . . . . . . . . . 1 . . . . . . . Scanalyzers . | . . . . . . . . . . . . . . . . . . . . . . . . . . Garrison Access . | . . . . . . . . . . . . . . . . . . . . . . . . . . Data Cores Recovered 3 | . . . . . . . . . . . . . . . . . . 1 . . . 1 1 . . Used 1 | . . . . . . . . . . . . . . . . . . 1 . . . . . . . Hacking Detections 65 | . 2 . 7 . 11 . . . . 3 . . . . 5 . 3 8 . 3 2 2 9 8 2 Full Trace Events 2 | . . . . . . . . . . 1 . . . . 1 . . . . . . . . . . Feedback Events . | . . . . . . . . . . . . . . . . . . . . . . . . . . Feedback Blocked . | . . . . . . . . . . . . . . . . . . . . . . . . . . Robot Schematics Acquired 2 | . . . . . . . . . . . . . . . . . . . . . 2 . . . . Robots Built . | . . . . . . . . . . . . . . . . . . . . . . . . . . Authchips . | . . . . . . . . . . . . . . . . . . . . . . . . . . Time . | . . . . . . . . . . . . . . . . . . . . . . . . . . Total Robot Build Rating . | . . . . . . . . . . . . . . . . . . . . . . . . . . Part Schematics Acquired 16 | . . . 3 . . . . . . . . . 4 . . . 1 1 . . 3 . 4 . . Parts Built 3 | . . . . . 2 . . . . . . . . . . . . 1 . . . . . . . Authchips 1 | . . . . . . . . . . . . . . . . . . 1 . . . . . . . Time 175 | . . . . . 47 . . . . . . . . . . . . 128 . . . . . . . Total Part Build Rating 18 | . . . . . 10 . . . . . . . . . . . . 8 . . . . . . . Parts Repaired 2 | . . . . . 1 . . . . . . . . . . . 1 . . . . . . . . Time 63 | . . . . . 16 . . . . . . . . . . . 47 . . . . . . . . Parts Recycled . | . . . . . . . . . . . . . . . . . . . . . . . . . . Recycled Matter . | . . . . . . . . . . . . . . . . . . . . . . . . . . Retrieved Matter . | . . . . . . . . . . . . . . . . . . . . . . . . . . Retrieved Components 7 | . 2 . 2 . . . . . . . . . . . . . 3 . . . . . . . . Parts Scanalyzed 1 | . . . . . . . . . . . . . . . . . 1 . . . . . . . . Part Schematics Acquired 1 | . . . . . . . . . . . . . . . . . 1 . . . . . . . . Parts Damaged . | . . . . . . . . . . . . . . . . . . . . . . . . . . Bothacking | -11 -10 -10 -8 -8 -6 -6 -6 -6 -5 -5 -5 -5 -5 -4 -4 -4 -4 -4 -4 -3 -3 -2 -2 -2 -1 ------------ Run | Yrd Mat Sub Rec Scr Fac Low Low Dat Pro Fac Upp Upp Zhi Pro Fac Was Fac Arm Lab Res Qua Res Tes Sec Acc Used RIF Installer . | . . . . . . . . . . . . . . . . . . . . . . . . . . Robots Hacked 7 | . . . . . . . . . . 1 . . 3 . 1 . . . . 1 . . 1 . . Non-combat . | . . . . . . . . . . . . . . . . . . . . . . . . . . Combat 4 | . . . . . . . . . . . . . 3 . . . . . . . . . 1 . . Robot Hacks Applied 4 | . . . . . . . . . . . . . 3 . . . . . . . . . 1 . . parse_system 4 | . . . . . . . . . . . . . 3 . . . . . . . . . 1 . . Manual 3 | . . . . . . . . . . 1 . . . . 1 . . . . 1 . . . . . Relay Couplers Released 3 | . . . . . . . . . . . . . . . 2 . . . . . . . . 1 . Machine Destruction 3 | . . . . . . . . . . . . . . . 2 . . . . . . . . 1 . Fabnet Peak Effective % . | . . . . . . . . . . . . . . . . . . . . . . . . . . Robots Rewired 20 | . . . 13 . . . . . . 1 . . . . . . . 6 . . . . . . . Allies Hacked . | . . . . . . . . . . . . . . . . . . . . . . . . . . Hacks Repelled . | . . . . . . . . . . . . . . . . . . . . . . . . . . Allies | -11 -10 -10 -8 -8 -6 -6 -6 -6 -5 -5 -5 -5 -5 -4 -4 -4 -4 -4 -4 -3 -3 -2 -2 -2 -1 -------- Run | Yrd Mat Sub Rec Scr Fac Low Low Dat Pro Fac Upp Upp Zhi Pro Fac Was Fac Arm Lab Res Qua Res Tes Sec Acc Total Allies 46 | . . . 13 . . . . . . 4 . . . . 1 . . 11 . 1 . . 2 . 14 Largest Group 11 | . . . 11 11 10 . . . . 1 . . . . 1 . . 9 6 1 . . 1 . 6 Highest-Rated Group 452 | . . . 179 179 169 . . . . 99 . . . . 23 . . 452 307 23 . . 26 . 86 Highest-Rated Ally 99 | . . . 34 34 34 . . . . 99 . . . . 23 . . 56 56 23 . . 26 . 15 Total Orders 17 | . . . 12 1 . . . . . . . . . . . . . . 4 . . . . . . STAY 3 | . . . 1 1 . . . . . . . . . . . . . . 1 . . . . . . ROAM 1 | . . . 1 . . . . . . . . . . . . . . . . . . . . . . FOLLOW 13 | . . . 10 . . . . . . . . . . . . . . . 3 . . . . . . Ally Attacks 150 | . . . 11 . 6 . . . . 12 . . . . . . . 79 27 . . . . . 15 Total Damage 5793 | . . . 461 . 66 . . . . 1257 . . . . . . . 2932 462 . . . . . 615 Kills 23 | . . . 5 . . . . . . 6 . . . . . . . 10 1 . . . . . 1 Allies Corrupted 4 | . . . . . . . . . . 1 . . . . 1 . . . 2 . . . . . . Allies Melted . | . . . . . . . . . . . . . . . . . . . . . . . . . . Intel | -11 -10 -10 -8 -8 -6 -6 -6 -6 -5 -5 -5 -5 -5 -4 -4 -4 -4 -4 -4 -3 -3 -2 -2 -2 -1 ------- Run | Yrd Mat Sub Rec Scr Fac Low Low Dat Pro Fac Upp Upp Zhi Pro Fac Was Fac Arm Lab Res Qua Res Tes Sec Acc Active Infowar (turns) 24745 | 21 134 3626 3348 4632 1109 1394 1440 67 584 1828 . . . . 710 609 490 1343 123 386 299 430 750 1128 294 Sensors 5256 | . . . . . . . . . . . . . . . 710 609 490 1343 96 386 299 424 730 169 . Terrain 3216 | . . . . 1295 . . . . . 1761 . . . . . . . . . . . 160 . . . Seismic 16481 | 21 134 3626 3348 3337 1109 1394 1440 67 584 364 . . . . . 219 . . . . . . . 838 . Cloaking 27 | . . . . . . . . . . . . . . . . . . . 27 . . . . . . Jamming 534 | . . . . . . . . . . . . . . . . . . . . . . . 69 171 294 Robot Analysis Total 10 | . . . . 6 . . . . . . . . 4 . . . . . . . . . . . . Derelict Logs Recovered 10 | . . 1 . 3 . 1 2 . 1 . . . . 2 . . . . . . . . . . . Drone Launches . | . . . . . . . . . . . . . . . . . . . . . . . . . . Drone Recoveries . | . . . . . . . . . . . . . . . . . . . . . . . . . . Exploration | -11 -10 -10 -8 -8 -6 -6 -6 -6 -5 -5 -5 -5 -5 -4 -4 -4 -4 -4 -4 -3 -3 -2 -2 -2 -1 ------------- Run | Yrd Mat Sub Rec Scr Fac Low Low Dat Pro Fac Upp Upp Zhi Pro Fac Was Fac Arm Lab Res Qua Res Tes Sec Acc Turns Passed 39979 | 137 173 4256 3348 9912 2709 1431 1503 177 584 2050 810 348 970 792 1010 613 829 2135 602 908 363 464 1177 1685 993 Spaces Moved 18934 | 65 87 1742 1007 2644 1522 1009 1001 102 399 1035 586 241 495 472 633 480 496 1185 342 447 218 301 771 914 740 Core 343 | 12 . . . . . . . . . . . . . . . . . . . . . . . . 331 Treads 5482 | 53 87 1654 1007 2644 . . . . . . . . 18 . . . . . . . . . . . 19 Legs 6920 | . . . . . . . . . . . . . 286 472 633 480 496 1185 342 447 218 301 771 911 378 Wheels 6174 | . . 88 . . 1522 1009 1001 102 399 1035 586 241 191 . . . . . . . . . . . . Hover . | . . . . . . . . . . . . . . . . . . . . . . . . . . Flight . | . . . . . . . . . . . . . . . . . . . . . . . . . . Fastest Speed 50 | 50 160 115 160 320 120 131 131 131 131 115 120 120 120 120 120 120 120 120 120 120 120 120 120 107 50 Average Speed 169 | 139 160 182 303 320 141 134 144 131 138 131 121 131 140 149 120 120 121 123 129 123 120 127 120 116 90 Slowest Speed 340 | 160 160 240 340 320 165 146 146 131 146 160 135 160 240 190 120 120 190 190 195 124 120 186 120 120 184 Overloaded Moves . | . . . . . . . . . . . . . . . . . . . . . . . . . . Propulsion Burnouts . | . . . . . . . . . . . . . . . . . . . . . . . . . . Robots Hopped . | . . . . . . . . . . . . . . . . . . . . . . . . . . Potential Cave-ins 11 | . . . . . . . . . . . . . . . 5 . . 2 . . . . . . 4 Cave-ins Triggered . | . . . . . . . . . . . . . . . . . . . . . . . . . . Teleports 4 | . . . . . . . . . . . . . . . . . . . 1 . . . . 3 . Spacefolds 6 | . . . . . . . . . . . . . . . . . . . . . . . . 1 5 Exploration Rate (%) 55 | 5 17 90 99 92 44 87 97 74 66 21 74 46 77 65 21 96 16 48 93 13 39 11 83 52 25 Regions Visited 25 Branch Regions 16 Pre-discovered Areas 12 | . 1 . 5 1 . . 1 . . . . . 3 1 . . . . . . . . . . . Known Exits Taken 11 | . . 1 . 1 1 . 1 . . 1 . . . . . . 1 1 1 1 1 1 . . . Unknown Exits Taken 12 | 1 1 . 1 . . 1 . 1 1 . 1 1 1 1 . . . . . . . . 1 1 . Scrap Searched 35 | . . 11 . 9 . 3 3 . 2 . 2 3 . 2 . . . . . . . . . . . Spaces Dug 323 | . 2 1 . . 27 21 2 . 52 4 8 . . . 51 . 15 29 9 25 2 12 28 30 5 Terrain Destroyed 1207 | . 2 11 1 . 48 24 39 1 69 58 27 . 40 57 166 15 112 70 12 67 6 24 126 128 104 Melee 5 | . . . . . . . . . . . . . . . . . . . . 1 2 2 . . . Projectile 568 | . 2 3 1 . 31 5 6 1 . 32 27 . 11 25 45 3 69 67 12 56 2 22 70 70 8 AOE 618 | . . 8 . . 17 19 33 . 69 25 . . 29 32 121 12 43 3 . 10 2 . 56 52 87 Terrain Rammed . | . . . . . . . . . . . . . . . . . . . . . . . . . . Walls Destroyed . | . . . . . . . . . . . . . . . . . . . . . . . . . . Machines Disabled . | . . . . . . . . . . . . . . . . . . . . . . . . . . Actions | -11 -10 -10 -8 -8 -6 -6 -6 -6 -5 -5 -5 -5 -5 -4 -4 -4 -4 -4 -4 -3 -3 -2 -2 -2 -1 --------- Run | Yrd Mat Sub Rec Scr Fac Low Low Dat Pro Fac Upp Upp Zhi Pro Fac Was Fac Arm Lab Res Qua Res Tes Sec Acc Total 24703 | 87 108 2527 1251 4110 1872 1059 1033 120 418 1455 641 263 678 504 769 507 610 1613 466 683 286 355 955 1340 993 Wait 2751 | . 11 600 88 1410 87 7 10 2 . 199 1 7 8 3 25 . 15 80 8 25 3 3 28 99 32 Move 18903 | 64 86 1741 1006 2643 1521 1008 1000 101 398 1034 585 240 494 471 633 479 496 1184 341 446 217 300 770 912 733 Hop . | . . . . . . . . . . . . . . . . . . . . . . . . . . Pick Up 282 | 5 1 20 20 24 33 4 1 . 3 19 2 1 23 . 7 5 8 32 13 8 5 8 11 20 9 Fast Attach 174 | 7 . . 5 2 13 4 . . 2 11 3 5 12 1 4 3 6 31 19 4 2 . 4 10 26 Attach 145 | . . 7 2 1 13 . 1 . 3 15 5 2 7 2 4 2 3 15 4 7 4 5 2 18 23 Detach 58 | . . 2 1 . 2 . . . . 1 2 . 5 . 1 2 1 3 4 3 2 . 1 5 23 Swap 362 | . 6 25 5 5 48 7 10 3 2 13 1 . 14 7 25 2 8 38 9 16 20 10 36 48 4 Drop 278 | . . 10 9 25 30 9 2 . 2 5 3 . 24 . 6 9 10 40 26 10 3 3 18 20 14 Fire 1420 | 10 4 122 25 . 113 20 9 9 8 135 39 8 42 20 62 5 55 134 42 141 17 24 76 207 93 Melee 79 | . . . 1 . . . . . . . . . 49 . . . . . . 19 8 2 . . . Ram 1 | . . . . . . . . . . . . . . . . . . . . . . . . . 1 Kick 20 | . . . . . . . . . . . . . . . 2 . 8 1 . 3 . . 4 1 1 Crush 2 | 1 . . 1 . . . . . . . . . . . . . . . . . . . . . . Escape Stasis 53 | . . . . . 8 . . . . . . . . . . . . . . 1 5 . 5 . 34 Rewire 166 | . . . 88 . . . . . . 23 . . . . . . . 55 . . . . . . . Trap . | . . . . . . . . . . . . . . . . . . . . . . . . . . Miscellaneous 9 | . . . . . 4 . . 5 . . . . . . . . . . . . . . . . . Route ------- -11/Scrapyard -10/Materials (discovered 2 exits: [Mat] / *Sub) -10/Subcaves (discovered 3 exits: [*Mat x2] / *Rec) -8/Recycling (discovered 2 exits: *Fac / *Scr) -8/Scraptown (discovered 2 exits: *Fac x2) -6/Factory (discovered 2 exits: *Low x2) -6/Lower Caves -6/Lower Caves (discovered 2 exits: *Fac / *Dat) -6/Data Miner -5/Proximity Caves -5/Factory (discovered 2 exits: *Upp x2) -5/Upper Caves -5/Upper Caves -5/Zhirov -4/Proximity Caves -4/Factory (discovered 6 exits: *Res / *Upp x2 / Ext x2 / Arm) -4/Waste -4/Factory (discovered 5 exits: Upp x2 / Ext x2 / *Arm) -4/Armory -4/Lab -3/Research (discovered 3 exits: *Res / *Qua x2) -3/Quarantine -2/Research (discovered 2 exits: *Tes x2) -2/Testing (discovered 3 exits: *Acc / *Sec / [*Frg]) -2/Section 7 -1/Access History --------- Turn | Location | Event 4 | -11/Scrapyard | Discovered new exit (range 15) 138 | -11/Scrapyard | Entered Materials 272 | -10/Materials | Discovered new exit (range 11) 302 | -10/Materials | Discovered new exit (range 6) 307 | -10/Materials | Build established: Mutant 311 | -10/Materials | Entered Subcaves 312 | -10/Subcaves | Approached by a straggling Scientist 374 | -10/Subcaves | Discovered new exit (range 5) 466 | -10/Subcaves | A swath of the cavern ceiling suddenly collapsed 561 | -10/Subcaves | Ambushed by Subdweller buried in earth 867 | -10/Subcaves | A swath of the cavern ceiling suddenly collapsed 1275 | -10/Subcaves | Disturbed a concealed Subdweller 1313 | -10/Subcaves | Disturbed a concealed Subdweller 1532 | -10/Subcaves | Shifting Twisted Machinery released Battle Cannon 1636 | -10/Subcaves | Shifting Twisted Machinery released Sub. Monowheel 1751 | -10/Subcaves | Visited Clippyterm 1758 | -10/Subcaves | Identified exit to Recycling 1758 | -10/Subcaves | Learned Factory stockpile data 1843 | -10/Subcaves | Discovered new exit (range 9) 3053 | -10/Subcaves | Core integrity fell below 50% 3562 | -10/Subcaves | Visited 4L-MR0's lab 3583 | -10/Subcaves | Found Powered Cannon 4567 | -10/Subcaves | Entered Recycling 4720 | -8/Recycling | Core integrity fell below 20% 4751 | -8/Recycling | Lost 4 parts (1p1n2w) 5148 | -8/Recycling | Build established: Commander-Mutant 5635 | -8/Recycling | Learned 4 Lower Caves zone layouts 5711 | -8/Recycling | Learned Factory fabricator intel 5777 | -8/Recycling | Learned 4 Factory zone layouts 5832 | -8/Recycling | Identified exit to Factory 5947 | -8/Recycling | Learned Storage emergency access door positions 5999 | -8/Recycling | Learned location of 1 exit from Storage 7805 | -8/Recycling | Scanned before Scraplab entrance 7850 | -8/Recycling | Entered Scraplab 7875 | -8/Recycling | Discovered new exit (range 3) 7915 | -8/Recycling | Entered Scraptown 7915 | -8/Scraptown | Accompanied by 11 allies 8504 | -8/Scraptown | Discovered exit to Factory (range 9) 8610 | -8/Scraptown | Scanned Subdweller tech in exchange for log data 8619 | -8/Scraptown | Learned Factory terminal intel 8629 | -8/Scraptown | Learned Research emergency access door positions 8878 | -8/Scraptown | Visited Comm Corps 9032 | -8/Scraptown | Visited Red Mages 9074 | -8/Scraptown | Visited Bundlers 9253 | -8/Scraptown | Visited TADAMA 9310 | -8/Scraptown | Visited The Evicted 9339 | -8/Scraptown | Visited UFD Registry 9378 | -8/Scraptown | Visited Cyclists 9426 | -8/Scraptown | Visited Science Testing Area 10347 | -8/Scraptown | Registered with UFD as "Bullettank" 10450 | -8/Scraptown | Visited Supply Room 10507 | -8/Scraptown | Visited A0-MCA Data Center 10672 | -8/Scraptown | Visited Abandonware Association 10714 | -8/Scraptown | Learned abandonware demo "OVRCLOCK.EXE" 10720 | -8/Scraptown | Learned abandonware demo "REPAIR.EXE" 10720 | -8/Scraptown | Learned abandonware demo "REBOOT5.EXE" 10819 | -8/Scraptown | Visited Analyses Database 10890 | -8/Scraptown | Visited Infowarlord's Domain 10944 | -8/Scraptown | Visited Derelict Rescue Squad 10967 | -8/Scraptown | Found DRS Beacon 11022 | -8/Scraptown | Visited Scrap Suit Storage 11067 | -8/Scraptown | Visited Curators Association 11163 | -8/Scraptown | Visited Science Guys 11390 | -8/Scraptown | Delivered Scrap Shield to a Scientist 11797 | -8/Scraptown | Given a C+ rating by A0-MCA 11803 | -8/Scraptown | Found A0-MCA's Component Scanner 12070 | -8/Scraptown | Entered Cyclist Reading Room 12460 | -8/Scraptown | Found Exp. Terrain Scanner 12919 | -8/Scraptown | Guru changed UFD alias to "Dualtail" 14642 | -8/Scraptown | Discovered exit to Factory (range 5) 17610 | -8/Scraptown | Met Optimus 17610 | -8/Scraptown | Accepted into 0bPrime 17827 | -8/Scraptown | Entered Factory 17827 | -6/Factory | Accompanied by 10 allies 17827 | -6/Factory | Evolved 8 slots: Power x1, Propulsion x1, Utility x5, Weapon x1 17830 | -6/Factory | Loaded intel: 26 terminal locations 17831 | -6/Factory | Loaded intel: 6 fabricator locations 17975 | -6/Factory | Lost 9 allies 18280 | -6/Factory | Build established: Derelict-Tank 18832 | -6/Factory | Fabricated Proton Cannon? 18898 | -6/Factory | Build established: Derelict-Gunner 19291 | -6/Factory | Build established: Gunner 19318 | -6/Factory | Discovered new exit (range 15) 19373 | -6/Factory | Repaired Imp. Heavy Armor Plating 19667 | -6/Factory | Garrison activated, responded to threat 19769 | -6/Factory | Assembled infested ambush trap array 20165 | -6/Factory | Discovered new exit (range 12) 20184 | -6/Factory | Identified exit to Lower Caves 20536 | -6/Factory | Entered Lower Caves 20538 | -6/Lower Caves | UFD Scientist delivered a prototype 20540 | -6/Lower Caves | Found Prototype Protection 20540 | -6/Lower Caves | Identified Enh. Scrap Shield 20876 | -6/Lower Caves | Found Alien Artifact 20961 | -6/Lower Caves | Spotted B-75 Beast 21194 | -6/Lower Caves | Attracted the attention of an 0b10 checkpoint 21353 | -6/Lower Caves | Discovered new exit (range 15) 21587 | -6/Lower Caves | Found DCF Scrap (13 items) 21883 | -6/Lower Caves | Build established: Derelict-Gunner 21967 | -6/Lower Caves | Entered another Lower Caves area 22007 | -6/Lower Caves | Discovered new exit (range 13) 22214 | -6/Lower Caves | Found Prototype Device 22891 | -6/Lower Caves | Identified exit to Data Miner 22956 | -6/Lower Caves | Encountered a Warlord checkpoint 23434 | -6/Lower Caves | Attracted the attention of an 0b10 checkpoint 23470 | -6/Lower Caves | Entered Data Miner 23470 | -6/Data Miner | Discovered new exit (range 6) 23495 | -6/Data Miner | Met Data Miner 23510 | -6/Data Miner | Data Conduit disabled 23537 | -6/Data Miner | Identified Dimensional Node Initializer 23537 | -6/Data Miner | Initialized slip node 23647 | -6/Data Miner | Entered Proximity Caves 23750 | -5/Proximity Caves | Core integrity fell below 50% 24187 | -5/Proximity Caves | Discovered new exit (range 16) 24205 | -5/Proximity Caves | Learned Factory garrison access intel 24219 | -5/Proximity Caves | Build established: Derelict-Tank 24231 | -5/Proximity Caves | Entered Factory 24231 | -5/Factory | Evolved 2 slots: Propulsion x1, Utility x1 24232 | -5/Factory | Loaded intel: 3 garrison access locations 24658 | -5/Factory | Lost 9 parts (2p3n4u) 24786 | -5/Factory | Identified exit to Upper Caves 24823 | -5/Factory | Identified Heart of Steel 24921 | -5/Factory | Lost 8 parts (1p2n5w) 24931 | -5/Factory | Destroyed 7 combat bots 25173 | -5/Factory | Build established: Gunner 25344 | -5/Factory | Allied Derelicts emerged from ambush trap array 25362 | -5/Factory | Garrison activated, responded to threat 25576 | -5/Factory | System corruption reached 10% 25841 | -5/Factory | Build established: Skirmisher 26045 | -5/Factory | Heart of Steel transformed into Warbot 26281 | -5/Factory | Entered Upper Caves 26284 | -5/Upper Caves | Encountered a Warlord checkpoint 26388 | -5/Upper Caves | Build established: Gunner 26617 | -5/Upper Caves | Attracted the attention of an 0b10 checkpoint 26698 | -5/Upper Caves | Spotted B-75 Beast 27009 | -5/Upper Caves | Attached Powered Cannon, gained temporary slot: Power 27035 | -5/Upper Caves | Destroyed B-75 Beast 27053 | -5/Upper Caves | Discovered new exit (range 16) 27091 | -5/Upper Caves | Lost 5 parts (2p1n2w) 27091 | -5/Upper Caves | Entered another Upper Caves area 27162 | -5/Upper Caves | Spotted B-75 Beast 27168 | -5/Upper Caves | Core integrity fell below 50% 27369 | -5/Upper Caves | Encountered a Warlord checkpoint 27433 | -5/Upper Caves | Discovered new exit (range 4) 27439 | -5/Upper Caves | Entered Zhirov 27440 | -5/Zhirov | Discovered new exit (range 3) 27469 | -5/Zhirov | Met Zhirov 27504 | -5/Zhirov | Learned location of Quarantine (-3) 27504 | -5/Zhirov | Learned location of Testing (-2) 27504 | -5/Zhirov | Learned location of Command (-1) 27514 | -5/Zhirov | Zhirov requested help retrieving the SGEMP Prototype 27543 | -5/Zhirov | Found Alien Artifact 27543 | -5/Zhirov | Identified Integrated Reactor 27543 | -5/Zhirov | Installed Integrated Reactor, increased core energy generation (+10) 27565 | -5/Zhirov | Found Alien Artifact 27656 | -5/Zhirov | Build established: Derelict-Mutant 27771 | -5/Zhirov | Attacked by Zhirov 27813 | -5/Zhirov | Zhirov warped through subspace 27823 | -5/Zhirov | Zhirov detonated his lab 27823 | -5/Zhirov | Cloak Generator disabled 27833 | -5/Zhirov | Enhanced Grunts warped into view 28409 | -5/Zhirov | Entered Proximity Caves 28412 | -4/Proximity Caves | Spotter reported a threat 28412 | -4/Proximity Caves | Spotter reported a threat 28552 | -4/Proximity Caves | Learned Research terminal intel 28553 | -4/Proximity Caves | Spotter reported a threat 28594 | -4/Proximity Caves | Build established: Scavenger-Tank 28726 | -4/Proximity Caves | Spotter reported a threat 29068 | -4/Proximity Caves | Spotted B-86 Titan 29169 | -4/Proximity Caves | Discovered new exit (range 11) 29201 | -4/Proximity Caves | Entered Factory 29201 | -4/Factory | Evolved 2 slots: Propulsion x1, Utility x1 29451 | -4/Factory | Search patrols dispatched 29701 | -4/Factory | Search patrols dispatched 29912 | -4/Factory | Discovered new exit (range 15) 29935 | -4/Factory | Identified exit to Research 30013 | -4/Factory | Discovered new exit (range 3) 30019 | -4/Factory | Garrison activated, responded to threat 30028 | -4/Factory | Identified exit to Upper Caves 30073 | -4/Factory | Destroyed 8 combat bots 30074 | -4/Factory | Lost 4 parts (1p3u) 30205 | -4/Factory | Identified exit to Extension 30205 | -4/Factory | Identified exit to Armory 30211 | -4/Factory | Sucked down chute 30211 | -4/Factory | Entered Waste 30211 | -4/Waste | The area was eerily silent 30444 | -4/Waste | Found Damper Plating 30503 | -4/Waste | Build established: Scavenger-Skirmisher 30520 | -4/Waste | Discovered new exit (range 11) 30540 | -4/Waste | Found Broken Adv. Powered Armor 30823 | -4/Waste | Identified exit to Factory 30824 | -4/Waste | Entered Factory 30947 | -4/Factory | Repaired Broken Adv. Powered Armor 31054 | -4/Factory | Garrison activated, responded to threat 31348 | -4/Factory | Build established: Scavenger-Tank 31505 | -4/Factory | Found Heavy Servo Lattice 31585 | -4/Factory | Garrison activated, responded to threat 31653 | -4/Factory | Entered Armory 31667 | -4/Armory | Found Prototype Launcher 31667 | -4/Armory | Identified Tesla Bomb Launcher 31679 | -4/Armory | Found Tesla Bomb Launcher 31798 | -4/Armory | Found Tesla Bomb Launcher 32030 | -4/Armory | System corruption reached 10% 32483 | -4/Armory | Fabricated Adv. Powered Armor? 32527 | -4/Armory | Lost 3 parts (1p1n1u) 32662 | -4/Armory | Lost 6 parts (1p2n2u1w) 32698 | -4/Armory | Destroyed 8 combat bots 32979 | -4/Armory | Build established: Scavenger-Skirmisher 33251 | -4/Armory | Discovered new exit (range 5) 33427 | -4/Armory | Spotted Armor Guard 33427 | -4/Armory | Spotted Armor Guard 33446 | -4/Armory | Allies destroyed Armor Guard 33466 | -4/Armory | Destroyed Armor Guard 33470 | -4/Armory | Found Prototype Device 33470 | -4/Armory | Identified Exp. Weapon Cycler 33653 | -4/Armory | First assault squad dispatched 33737 | -4/Armory | Identified exit to Lab 33747 | -4/Armory | Scrapoids reinforcements arrived? 33788 | -4/Armory | Entered Lab 33788 | -4/Lab | Accompanied by 6 allies 33788 | -4/Lab | Discovered exit to Research (range 9) 33803 | -4/Lab | Unable to decrypt terminal 33803 | -4/Lab | Opened the door to a hidden lab 33812 | -4/Lab | Gained access to the hidden lab's interior 33820 | -4/Lab | Detected by scanners 33826 | -4/Lab | Confronted by A5 33890 | -4/Lab | Lost 5 allies 33934 | -4/Lab | Destroyed A5 33947 | -4/Lab | Found Prototype Protection 33947 | -4/Lab | Identified Med. Regenerative Plating 34013 | -4/Lab | Found Prototype Device 34013 | -4/Lab | Identified AEGIS Remote Shield 34037 | -4/Lab | Found Alien Artifact 34037 | -4/Lab | Identified Core Expander 34037 | -4/Lab | Installed Core Expander, added new Weapon slot 34045 | -4/Lab | Found Alien Artifact 34045 | -4/Lab | Identified Integrated Dissipator 34045 | -4/Lab | Installed Integrated Dissipator, increased core heat dissipation (+20) 34070 | -4/Lab | Found Prototype Energy Gun 34070 | -4/Lab | Identified Hyp. EM Gauss Rifle 34075 | -4/Lab | Found Prototype Energy Gun 34075 | -4/Lab | Identified Tachyon Dispersion Ray 34095 | -4/Lab | Found Prototype Special Weapon 34095 | -4/Lab | Identified Gui. Remote Datajack 34119 | -4/Lab | Found Alien Artifact 34154 | -4/Lab | Found Prototype Hackware 34154 | -4/Lab | Identified Exp. Hacking Suite 34183 | -4/Lab | Build established: Scavenger-Tank 34186 | -4/Lab | Found Alien Artifact 34188 | -4/Lab | Identified Transdimensional Reconstructor (x2) 34188 | -4/Lab | Warped through subspace 34248 | -4/Lab | Found Quantum Router 34364 | -4/Lab | System corruption reached 30% 34390 | -4/Lab | Entered Research 34390 | -3/Research | Evolved 2 slots: Propulsion x1, Utility x1 34392 | -3/Research | Loaded intel: 25 terminal locations 34481 | -3/Research | Garrison activated, responded to threat 34489 | -3/Research | Discovered new exit (range 13) 34502 | -3/Research | Identified exit to Research 34560 | -3/Research | Identified exit to Quarantine 34718 | -3/Research | Build established: Scavenger-Mutant 35037 | -3/Research | Intercept squad dispatched 35046 | -3/Research | Spotted Tracker 35068 | -3/Research | Destroyed Tracker 35074 | -3/Research | Found Prototype Device 35123 | -3/Research | Spotted Combat Programmer 35150 | -3/Research | System corruption reached 10% 35150 | -3/Research | Destroyed Combat Programmer 35298 | -3/Research | Entered Quarantine 35575 | -3/Quarantine | Identified Exp. Phase Shifter 35607 | -3/Quarantine | Discovered exit to Research (range 13) 35626 | -3/Quarantine | Found Alien Artifact 35627 | -3/Quarantine | Identified Core Reset Matrix 35627 | -3/Quarantine | Identified Subatomic Replicator 35627 | -3/Quarantine | Used Core Reset Matrix 35631 | -3/Quarantine | Detected hypermatrix surge 35631 | -3/Quarantine | Sensed 7 artifacts in vicinity 35641 | -3/Quarantine | Discovered exit to Research (range 8) 35654 | -3/Quarantine | Found Prototype Device 35656 | -3/Quarantine | Identified Adv. Kinecellerator 35661 | -3/Quarantine | Entered Research 35661 | -2/Research | Evolved 2 slots: Power x1, Utility x1 35940 | -2/Research | Identified exit to Testing 36125 | -2/Research | Entered Testing 36338 | -2/Testing | Found Exp. Signal Interpreter 36357 | -2/Testing | Spotted Striker 36418 | -2/Testing | Found System Mapper 36540 | -2/Testing | Found Z-bomb Delivery System 36562 | -2/Testing | Found Exp. Transmission Jammer 36594 | -2/Testing | Found Exp. Core Analyzer 36767 | -2/Testing | Discovered new exit (range 15) 36806 | -2/Testing | Found Hyp. Multirail 36865 | -2/Testing | Build established: Scavenger-Skirmisher 36915 | -2/Testing | Found Exp. EM Shield 37027 | -2/Testing | Found Med. Regenerative Plating 37035 | -2/Testing | Spotted PY-CCX5YBWJ0G 37039 | -2/Testing | Destroyed PY-CCX5YBWJ0G 37197 | -2/Testing | Spotted Fortress 37278 | -2/Testing | Discovered new exit (range 5) 37278 | -2/Testing | Discovered new exit (range 6) 37302 | -2/Testing | Entered Section 7 37303 | -2/Section 7 | Detected hypermatrix surge 37303 | -2/Section 7 | Sensed 15 artifacts in vicinity 37435 | -2/Section 7 | Destroyed 10 combat bots 37467 | -2/Section 7 | Build established: Scavenger-Tank 37613 | -2/Section 7 | Found Spacefold Activator 37762 | -2/Section 7 | Spotted B-90 Cyclops 37802 | -2/Section 7 | First assault squad dispatched 37934 | -2/Section 7 | Found Integrated Mediator 37934 | -2/Section 7 | Installed Integrated Mediator, increased core attachment efficiency 37981 | -2/Section 7 | Spotted Executioner 38002 | -2/Section 7 | Spotted Executioner 38004 | -2/Section 7 | Warped through subspace 38011 | -2/Section 7 | Found Gamma Bomb Array 38058 | -2/Section 7 | Destroyed Executioner 38061 | -2/Section 7 | Destroyed Executioner 38086 | -2/Section 7 | Found Exp. Targeting Computer 38121 | -2/Section 7 | Found Transdimensional Reconstructor 38125 | -2/Section 7 | Found Transdimensional Reconstructor 38171 | -2/Section 7 | Spotted Striker 38171 | -2/Section 7 | Spotted Striker 38231 | -2/Section 7 | Intercept squad dispatched 38234 | -2/Section 7 | Spotted Striker 38234 | -2/Section 7 | Spotted Striker 38248 | -2/Section 7 | Destroyed Striker 38249 | -2/Section 7 | Spotted Tracker 38253 | -2/Section 7 | Spotted Tracker 38260 | -2/Section 7 | Destroyed Tracker 38265 | -2/Section 7 | Destroyed Tracker 38270 | -2/Section 7 | Destroyed Striker 38273 | -2/Section 7 | Destroyed Striker 38279 | -2/Section 7 | Destroyed Striker 38296 | -2/Section 7 | Found Sigix Shearcannon 38298 | -2/Section 7 | Spotted Combat Programmer 38298 | -2/Section 7 | Spotted Combat Programmer 38302 | -2/Section 7 | Destroyed Combat Programmer 38323 | -2/Section 7 | Destroyed Combat Programmer 38363 | -2/Section 7 | Warped through subspace 38602 | -2/Section 7 | System corruption reached 10% 38608 | -2/Section 7 | Warped through subspace 38621 | -2/Section 7 | Destroyed 8 combat bots 38712 | -2/Section 7 | Discovered new exit (range 11) 38723 | -2/Section 7 | Core integrity fell below 50% 38781 | -2/Section 7 | Destroyed 9 combat bots 38787 | -2/Section 7 | Lost 9 parts (3p3n2u1w) 38792 | -2/Section 7 | Build established: Scavenger-Gunner 38835 | -2/Section 7 | Found Integrated Reactor 38835 | -2/Section 7 | Installed Integrated Reactor, increased core energy generation (+10) 38844 | -2/Section 7 | Destroyed 9 combat bots 38849 | -2/Section 7 | Lost 5 parts (3u2w) 38987 | -2/Section 7 | System corruption reached 30% 38987 | -2/Section 7 | Entered Access 38987 | -1/Access | Evolved 2 slots: Utility x2 39069 | -1/Access | Energy Cycler disabled 39127 | -1/Access | Destroyed 7 combat bots 39136 | -1/Access | Lost 9 parts (1p4n1u3w) 39237 | -1/Access | First assault squad dispatched 39373 | -1/Access | Build established: Alien-Mutant 39467 | -1/Access | Garrison activated, responded to threat 39481 | -1/Access | Found Launcher Loader 39485 | -1/Access | Intercept squad dispatched 39531 | -1/Access | Spotted Tracker 39532 | -1/Access | Spotted Tracker 39540 | -1/Access | Destroyed Tracker 39543 | -1/Access | Destroyed Tracker 39551 | -1/Access | Found Exp. Targeting Computer 39564 | -1/Access | Destroyed 10 combat bots 39577 | -1/Access | High security lockdown imminent 39590 | -1/Access | Spotted Combat Programmer 39600 | -1/Access | Destroyed Combat Programmer 39633 | -1/Access | Spotted Combat Programmer 39640 | -1/Access | Destroyed Combat Programmer 39644 | -1/Access | Lost 7 parts (2p3n1u1w) 39657 | -1/Access | High security lockdown engaged 39677 | -1/Access | Used Subatomic Replicator to replicate Z-bomb Delivery System 39739 | -1/Access | Destroyed 9 combat bots 39843 | -1/Access | Spotted Investigator 39847 | -1/Access | Scanned by Researcher 39880 | -1/Access | Intercept squad dispatched 39890 | -1/Access | Spotted Tracker 39891 | -1/Access | Spotted Tracker 39892 | -1/Access | Spotted Tracker 39902 | -1/Access | Destroyed Tracker 39902 | -1/Access | Destroyed Tracker 39902 | -1/Access | Destroyed Investigator 39902 | -1/Access | Destroyed Tracker 39915 | -1/Access | Spotted Combat Programmer 39920 | -1/Access | Spotted Combat Programmer 39923 | -1/Access | Destroyed 7 combat bots 39923 | -1/Access | Core integrity fell below 50% 39923 | -1/Access | System corruption reached 10% 39944 | -1/Access | Spotted Executioner 39944 | -1/Access | Spotted Striker 39947 | -1/Access | Emitted hypermatrix ping 39950 | -1/Access | Core integrity fell below 20% 39952 | -1/Access | Assembled emerged from beneath the floor 39960 | -1/Access | Lost 9 parts (4n5u) 39975 | -1/Access | Assembled emerged from beneath the floor 39980 | -1/Access | Destroyed self with Z-bomb Delivery System Last Messages --------------- 39964_ Detected hypermatrix ping. 39969_ G&FDOFCD 2VFIXU6& GIEA9 39973_ Component scanned: Adv. Trap Extractor. 39975_ Assembled emerge from beneath the floor. 39975_ Component scanned: Asb. Hover System [as-46340]. 39975_ Component scanned: Asb. Shotgun [as-46340]. 39975_ Component scanned: Asb. P-sword [as-82068]. 39975_ Component scanned: Asb. P-maul [as-05315]. 39975_ Component scanned: Asb. P-torch [as-54476]. 39975_ Component scanned: Asb. Gauss Rifle [as-36707]. 39975_ Acquired 81 matter. 39976_ Penetrated by Slug. 39979_ O-32 Director: "IFF HANDSHAKE FAILED. SECURING TERMINAL." 39980_ Component scanned: Gravmag System [O-32 Director]. 39980_ Component scanned: Imp. System Restoration Module [O-32 Director]. 39980_ Component scanned: Imp. Hacking Suite [O-32 Director]. 39980_ Component scanned: Imp. System Shield [O-32 Director]. 39980_ Component scanned: Adv. Datajack [O-32 Director]. 39980_ Z-bomb Delivery System destroyed. 39980_ Destroyed Z-bomb Delivery System. Map ----- +----------------------------------------------------+ | | | | | | | ?????????????????????????????????????????????????? | | ?????????????????????????????????????????????????? | | ?????????????????????????##??????????????????????? | | ??????????############### #????????????????????? | | ??????????? /????????????????????? | | ???????????# #????????????????????? | | ???????????# #????????????????????? | | ???????????# ! ^ #????????????????????? | | ???????????# #????????????????????? | | ????######## #????????????????????? | | ???? #?????? ?????????????? | | ???? ###### ?????????????? | | ???? ????????????? | | ??? a sk ????????????? | | ??????? a a ????????????? | | ?????????????# a ????????????? | | ###########??# ????????????? | | #??# ????????????? | | #### "" ?????????????? | | / "" ??????????????? | | #### """"""????????????????? | | " #??##+####### """""" ????????????? | | """ #???????????# @ "" ????????????? | | """ #??????????# "" o ????????????? | | " ! #??????????# ?????????????? | | #??????????# ????????????? | | #??????????## ???????????? | | #???????????# u ??????????? | | #???????????# #######??????????? | | ###########???????????# #????????????????? | | ??????????????????????###########????????????????? | | ?????????????????????????????????????????????????? | | ?????????????????????????????????????????????????? | | ?????????????????????????????????????????????????? | | ?????????????????????????????????????????????????? | | ?????????????????????????????????????????????????? | | ?????????????????????????????????????????????????? | | ?????????????????????????????????????????????????? | | ##+#?????????????????????????????????????????????? | | ##????????????????????????????????????????????? | | +????????????????????????????????????????????? | | # ##????????????????????????????????????????????? | | # #?????????????????????????????????????????????? | | # #?????????????????????????????????????????????? | | # #?????????????????????????????????????????????? | | # ##????????????????????????????????????????????? | | ###+#####????????????????????????????????????? | +----------------------------------------------------+ Best States ------------- Heat Dissipation 176 Coolant Potential 65 Energy Generation 90 Energy Capacity 1030 Matter Stores 1065 Matter Capacity 1300 Sight Range 16 Robot Scan Range 18 Terrain Scan Range 30 Terrain Scan Density 10 Jamming Range 22 Cloak Strength 4 Power Amplification 40 Additional Mass Support 16 Base Temperature (-) 200 EM Shielding 4 Armor Coverage 1600 Resistance: KI 25 Resistance: EM 90 Core Shielding 30 Utility Shielding 90 Point Defense Rating 160 Weapon Cycling 30 Phase Shifting 20 Evasion (%) 90 Targeting Accuracy 24 Core Analysis 8 Recoil Reduction 6 Matter Filtering 50 Offensive Hacking 20 Authchip Count 7 Item Schematics ----------------- Com. Particle Reactor | -2/Testing | Archive Hvy. Hardcell Cannon | -2/Testing | Archive Imp. Quantum Reactor | -2/Testing | Archive Exp. Cooling System | -2/Testing | Archive Robot Schematics ------------------ None Fabricated ------------ Proton Cannon | x2 | -6/Factory | Preloaded Adv. Powered Armor | x1 | -4/Armory | Authchip Repaired ---------- Imp. Heavy Armor Plating | 11% | -6/Factory Adv. Powered Armor | 12% | -4/Factory | Broken Alien Tech Used ----------------- Dimensional Node Initializer Integrated Reactor Core Expander Integrated Dissipator Transdimensional Reconstructor Core Reset Matrix Spacefold Activator Integrated Mediator Sigix Shearcannon Subatomic Replicator Achievements -------------- None Challenges ------------ None Game ------ Seed FieldthrustActiveJammer Manual? 0 Play Time 05:50:45 Cumulative 580.9 hours Start 2025.08.09 @ 18:06:37 End 2025.08.10 @ 18:18:37 Sessions 5 Manual Loads 0 Difficulty Rogue Special Mode None Game No. 244 Rogue 244 Adventurer 0 Explorer 0 Win Type - Total 27 Types 9/4/7/2/1/0/1/1/1/1 Lore% 92 Gallery% 87 Achievement% 81 Wizard Run 0 Options --------- Layout 0 ASCII 0 Keyboard 0 Movement Arrows Keybinds 0 Fullscreen 2 Font 18/SmallcapsGlow Map View 76x50 Zoom Use 0% Tactical HUD 1 Map Filters NONE Filters NONE Steam 1 RUN: 2fbfc63e-f0b1-4fc4-8493-a93982e388ca